 Dungeon Crawl Stone Soup version 0.26.1-11-gd32895ea62 (webtiles) character file.

Game seed: 6701538343209035693

123 Silvore the Slasher (level 4, 0/34 HPs)
             Began as a Demonspawn Gladiator on June 30, 2021.
             Slain by Grinder (5 damage)
             ... on level 2 of the Dungeon.
             The game lasted 00:02:26 (1974 turns).

Silvore the Slasher (Demonspawn Gladiator)          Turns: 1974, Time: 00:02:27

Health: 0/34       AC:  8    Str: 16    XL:     4   Next: 79%
Magic:  4/4        EV: 11    Int:  9    God:
Gold:   102        SH:  0    Dex: 14    Spells: 3/3 levels left

rFire    . . .     SeeInvis .   a - +0 long sword
rCold    . . .     Faith    .   (no shield)
rNeg     . . .     Spirit   .   m - +0 scale mail
rPois    .         Reflect  .   c - +0 helmet
rElec    .         Harm     .   (no cloak)
rCorr    .         Rampage  .   (no gloves)
Will     +....                  k - +0 pair of boots
Stlth    ..........             (no amulet)
HPRegen  0.11/turn              i - ring of willpower
MPRegen  0.09/turn              (no ring)

@: no status effects
A: claws 2, powered by pain 1
a: no special abilities


You were on level 2 of the Dungeon.
You visited 1 branch of the dungeon, and saw 3 of its levels.

You collected 102 gold pieces.

Inventory:

Hand Weapons
 a - a +0 long sword (weapon)
Missiles
 d - 3 throwing nets (quivered)
Armour
 b - a +0 leather armour
 c - a +0 helmet (worn)
 k - a +0 pair of boots (worn)
 m - a +0 scale mail (worn)
Jewellery
 i - a ring of willpower (left claw)
Scrolls
 h - a scroll of teleportation {unknown}
 j - a scroll of fog {unknown}
Potions
 e - a potion of heal wounds {unknown}
 f - a potion of flight {unknown}
 g - a potion of resistance {unknown}
 l - 2 potions of invisibility {unknown}


   Skills:
 + Level 2.5 Fighting
 + Level 4.0 Long Blades
 + Level 1.8 Throwing
 + Level 1.1 Armour
 + Level 3.3 Dodging
 + Level 0.4 Stealth


You had 3 spell levels left.
You didn't know any spells.
Your spell library was empty.

Dungeon Overview and Level Annotations

Branches:
Dungeon (3/15)

Altars:

Annotations:
D:2 Grinder


Innate Abilities, Weirdness & Mutations

You have very sharp fingernails.
You sometimes gain a little power by taking damage.


Message History

Grinder hits you.
You writhe in agony.
Grinder gestures at you. You resist with some effort.
You hit Grinder but do no damage.
Grinder is moderately wounded.
Grinder hits you.
* * * LOW HITPOINT WARNING * * *
You barely miss Grinder.
Grinder is moderately wounded.
Grinder hits you.
* * * LOW HITPOINT WARNING * * *
You writhe in agony.
* * * LOW HITPOINT WARNING * * *
You closely miss Grinder.
Grinder is moderately wounded.
Grinder hits you but does no damage.
You barely miss Grinder.
Grinder is moderately wounded.
Grinder hits you.
You die...

....)......[..##.##......)^......
.........(..............#.#.####.
.#...########.##.###.##.#.#.# #.
.....########.##.###.##.#.#.# #.
#..#....................#.#.# #.
)..#.....⌠........##.##.....####.
#.#####.....#####.##..#..........
###....##'##....#####.#.....####.
##>.⌠..##.##..⌠.@# #.......# #.
.##...##.†.##..5### ##......## #.
..######.⌠.######.# #........###.
.###.# #...##.....###............
.# #.####<#######.....#.#.#..###.
.# #.##.### #.#####.#.#..# #. ##
#.##.# #.#####...#..###.
#.##.####### #............#...
#.###......# #.....#..........


You could see Grinder.

Vanquished Creatures
  Terence (D:2)
  5 adders (D:2)
  An ooze (D:1)
  A worm (D:3)
  3 dart slugs
  2 leopard geckos
  2 giant cockroaches (D:2)
  4 goblins (D:2)
  5 hobgoblins
  3 kobolds
  2 quokkas (D:2)
  5 bats
  2 frilled lizards
  6 rats
42 creatures vanquished.

Notes
Turn   | Place    | Note
-------+----------+-------------------------------------------
     0 | D:1      | Silvore the Demonspawn Gladiator began the quest for the
                  | Orb.
     0 | D:1      | Reached XP level 1. HP: 16/16 MP: 1/1
   172 | D:1      | Gained mutation: You have sharp fingernails. [demonic
                  | ancestry]
   172 | D:1      | Reached XP level 2. HP: 21/22 MP: 2/2
   322 | D:1      | Reached skill level 3 in Long Blades
  1060 | D:2      | Gained mutation: You have very sharp fingernails. [demonic
                  | ancestry]
  1060 | D:2      | Reached XP level 3. HP: 26/27 MP: 3/3
  1283 | D:2      | Gained mutation: You sometimes gain a little power by
                  | taking damage. [demonic ancestry]
  1283 | D:2      | Reached XP level 4. HP: 22/34 MP: 4/4
  1737 | D:2      | Noticed Terence
  1749 | D:2      | Killed Terence
  1750 | D:2      | Reached skill level 1 in Armour
  1857 | D:2      | Reached skill level 4 in Long Blades
  1950 | D:3      | Noticed Grinder
  1955 | D:3      | Paralysed by Grinder for 5 turns
  1974 | D:2      | Slain by Grinder

Illustrated notes

Levels and vault maps discovered:
D:1:      psy_arrival_radial02, layout_basic
D:2:      layout_basic, grunt_ministairs_4, uniq_terence
D:3:      layout_rooms, uniq_grinder, uniq_ijyb, uniq_jessica

Skill      XL: |  1  2  3  4 |
---------------+-------------+-----
Long Blades    | 3 4 |  4.0
Dodging        | 3 |  3.3
Armour         | 1 |  1.1
Fighting       | |  2.5
Throwing       | |  1.8
Stealth        | |  0.4

Action                   |  1- 3 |  4- 6 || total
-------------------------+-------+-------++-------
Melee: Long sword        |    73 |    53 ||   126
  Use: Scroll            |     2 |       ||     2
 Stab: Sleeping          |     1 |     1 ||     2
Armor: Leather armour    |    37 |     6 ||    43
       Scale mail        |       |    14 ||    14
Dodge: Dodged            |    76 |    35 ||   111
       Rpst.: Long sword |    21 |    10 ||    31
